 Dungeon Crawl Stone Soup version 0.17-a0-1718-g72dbe4d (webtiles) character file.

25890 kae the Fencer (level 12, 0/159 HPs)
             Began as a Minotaur Fighter on Aug 24, 2015.
             Was an Elder of Qazlal.
             Slain by a 16-headed hydra (4 damage)
             ... on level 3 of the Lair of Beasts.
             The game lasted 00:28:26 (20096 turns).

kae the Fencer (Minotaur Fighter)                  Turns: 20096, Time: 00:28:27

Health: 0/159      AC: 31    Str: 25    XL:     12   Next: 93%
Magic:  19/19      EV:  2    Int:  7    God:    Qazlal [****..]
Gold:   608        SH:  5    Dex: 14    Spells: 0 memorised, 11 levels left

rFire  . . .     SeeInvis .     Q - +1 great sword (protect)
rCold  . . .     Clarity  .     (armour currently unavailable)
rNeg   + + +     SustAt   .     (no shield)
rPois  +         Gourm    +     (helmet currently unavailable)
rElec  .         Spirit   .     (cloak currently unavailable)
rCorr  .         Warding  .     (gloves currently unavailable)
rMut   .         NoTele   +     (boots currently unavailable)
MR     .....                    M - amulet of the gourmand
Stlth  +.........               b - ring of positive energy
                                S - +5 ring of dexterity

@: tree-form, repel missiles, not resistant to hostile enchantments, very
unstealthy
A: (retaliatory headbutt), (horns 0)
a: Upheaval, Elemental Force, Renounce Religion


You were on level 3 of the Lair of Beasts.
You worshipped Qazlal.
Qazlal was greatly pleased with you.
You were completely stuffed.
You were a tree.
You visited 3 branches of the dungeon, and saw 15 of its levels.
You also visited: Sewer.

You collected 986 gold pieces.
You spent 378 gold pieces at shops.

Inventory:

Hand weapons
 H - a +0 scimitar of holy wrath
 Q - a +1 great sword of protection (weapon)
Armour
 e - a +0 cloak (melded)
 k - a +2 hat (melded)
 s - a +0 pair of gloves (melded)
 x - a +2 ring mail of fire resistance (melded)
Jewellery
 b - a ring of positive energy (right branch)
 p - an uncursed ring of protection from magic
 M - an amulet of the gourmand (around neck)
 S - a +5 ring of dexterity (left branch)
Magical devices
 Z - a wand of teleportation (9)
Scrolls
 f - a scroll of summoning
 h - 6 scrolls of identify
 m - a scroll of blinking
 T - a scroll of fog
 U - 5 scrolls of teleportation
 W - 2 scrolls of remove curse
Potions
 d - 2 potions of might
 g - a potion of lignification
 j - 11 potions of curing
 l - 4 potions of heal wounds
 q - a potion of ambrosia
 F - 6 potions of flight
 J - 2 potions of invisibility
 L - 3 potions of agility
 V - a potion of haste
Comestibles
 a - a meat ration
 c - a bread ration
 i - 2 chunks of flesh
 o - 31 fruits


   Skills:
 - Level 10.0 Fighting
 - Level 15.0 Long Blades
 - Level 13.3 Armour
   Level 3.6 Shields
 + Level 11.4 Invocations


You had 11 spell levels left.
You didn't know any spells.

Dungeon Overview and Level Annotations

Branches:
Dungeon (11/15)            Temple (1/1) D:6            Lair (3/8) D:11
    Orc (0/4) D:10
  Swamp: Lair:3-6    Shoals: Lair:3-6     Snake: Lair:3-6    Spider: Lair:3-6

Altars:
Ashenzari
Cheibriados
Dithmenos
Elyvilon
Fedhas
Gozag
Kikubaaqudgha
Makhleb
Nemelex Xobeh
Okawaru
Qazlal
Ru
Sif Muna
Trog
Vehumet
Xom
Yredelemnul
Zin
The Shining One

Shops:
D:8 ?

Annotations:
D:8 Maurice


Innate Abilities, Weirdness & Mutations

((You reflexively headbutt those who attack you in melee.))
((You have a pair of horns on your head.))


Message History

* * * LOW HITPOINT WARNING * * *
The 15-headed hydra bites you but does no damage. x4
You barely miss the 15-headed hydra.
The 15-headed hydra is severely wounded.
Unknown command.
You hack one of the 15-headed hydra's heads off!
The 14-headed hydra grows two more!
You slash the 16-headed hydra!
The 16-headed hydra is severely wounded.
The 16-headed hydra is engulfed in roaring flames.
The 16-headed hydra bites you but does no damage. x2
The 16-headed hydra bites you!
* * * LOW HITPOINT WARNING * * *
The 16-headed hydra bites you.
* * * LOW HITPOINT WARNING * * *
You block the 16-headed hydra's attack.
The 16-headed hydra bites you but does no damage.
You block the 16-headed hydra's attack.
The 16-headed hydra bites you but does no damage. x2
The 16-headed hydra bites you.
You die...

.......
#..:..
#...####
#......#
#....†##r##.
#....§.rr?..
#.§.##r.r...
#††.## #r##.
##♣§.# #
#PD§.#
##§..# #P#.#
#####


You could see a 16-headed hydra.

Vanquished Creatures
  Erolcha (D:11)
  Urug (Lair:2)
  The ghost of Charly the Martial Artist, an experienced DgTm (D:11)
  2 unseen horrors (D:10)
  5 hill giants
  The ghost of lazykool the Conjurer, an experienced GrWz of Ashenzari (D:8)
  An ugly thing (D:10)
  Joseph (D:10)
  A komodo dragon (Lair:1)
  3 spiny frogs (Lair:2)
  4 kobold demonologists (D:11)
  A troll (D:11)
  A polar bear (Lair:3)
  A queen bee (D:11)
  Grinder (D:6)
  A two-headed ogre (D:10)
  3 blink frogs (Lair:2)
  A trapdoor spider (D:10)
  A wyvern (D:11)
  26 yaks
  A spriggan (Lair:3)
  2 hungry ghosts
  A warg (D:10)
  4 hippogriffs
  3 water moccasins
  A porcupine (Lair:2)
  Duvessa (D:6)
  3 wolves (Lair:3)
  6 orc warriors
  5 black bears
  A wasp (D:11)
  3 ice beasts
  6 ogres
  5 phantoms
  9 sky beasts
  4 centaurs
  10 big kobolds
  12 giant frogs
  5 crocodiles
  Dowan (D:6)
  5 gnoll sergeants
  An electric eel (Lair:2)
  6 scorpions
  17 killer bees (D:11)
  5 crimson imps
  4 giant frog zombies
  9 orc priests
  7 centaur skeletons
  8 orc wizards
  15 hounds
  5 jellies
  3 giant frog skeletons
  9 iguanas
  5 worker ants
  A killer bee zombie (D:9)
  A hound skeleton (D:10)
  A worker ant zombie (D:6)
  14 adders
  27 gnolls
  2 shadow imps
  41 river rats
  An ooze (D:5)
  2 adder skeletons
  A worm (D:2)
  5 giant geckos
  31 orcs
  3 giant cockroaches
  3 goblins
  7 hobgoblins
  17 jackals
  46 kobolds
  5 quokkas
  6 ball pythons
  6 bats
  3 giant newts
  A jackal zombie (D:5)
  2 quokka skeletons
  19 rats
  5 fungi
  10 plants
499 creatures vanquished.

Vanquished Creatures (others)
  A fungus (Lair:3)
  A plant (D:11)
  5 toadstools (D:1)
7 creatures vanquished.

Grand Total: 506 creatures vanquished

Notes
Turn   | Place    | Note
--------------------------------------------------------------
     0 | D:1      | kae the Minotaur Fighter began the quest for the Orb.
     0 | D:1      | Reached XP level 1. HP: 19/19 MP: 0/0
   508 | D:1      | Reached XP level 2. HP: 26/26 MP: 1/1
  1071 | D:2      | Reached skill level 4 in Long Blades
  1316 | D:2      | Reached XP level 3. HP: 26/31 MP: 2/2
  1718 | D:1      | Reached skill level 5 in Long Blades
  1911 | D:2      | Reached XP level 4. HP: 27/39 MP: 3/3
  2641 | D:3      | Found a shimmering altar of Xom.
  2969 | D:3      | Found a glowing golden altar of the Shining One.
  3016 | D:4      | Reached skill level 6 in Long Blades
  3025 | D:4      | Reached XP level 5. HP: 41/45 MP: 4/4
  3125 | D:4      | Reached skill level 7 in Long Blades
  3579 | D:4      | Reached XP level 6. HP: 51/51 MP: 5/5
  3754 | D:4      | Found an opulent altar of Gozag.
  3846 | D:4      | Noticed a sky beast
  3861 | D:4      | Killed a sky beast
  3861 | D:4      | Reached skill level 8 in Long Blades
  4304 | D:4      | Reached skill level 9 in Long Blades
  4314 | D:4      | Reached XP level 7. HP: 55/57 MP: 6/6
  4494 | D:5      | Entered Level 5 of the Dungeon
  5026 | D:5      | Reached skill level 10 in Long Blades
  5074 | D:5      | Found a shadowy altar of Dithmenos.
  5396 | D:5      | Reached skill level 11 in Long Blades
  5425 | D:5      | Reached XP level 8. HP: 64/64 MP: 7/7
  5602 | D:5      | Reached skill level 12 in Long Blades
  5872 | D:6      | Found a staircase to the Ecumenical Temple.
  5880 | Temple   | Entered the Ecumenical Temple
  6265 | D:6      | Reached skill level 13 in Long Blades
  6287 | D:6      | Noticed Grinder
  6298 | D:6      | Paralysed by Grinder for 3 turns
  6304 | D:6      | Killed Grinder
  6412 | D:6      | Reached XP level 9. HP: 39/70 MP: 8/8
  6497 | D:6      | Found a glowing drain.
  6502 | Sewer    | Entered a sewer
  6666 | Sewer    | Reached skill level 14 in Long Blades
  7169 | D:6      | Noticed Duvessa
  7179 | D:6      | Killed Duvessa
  7180 | D:6      | Noticed Dowan
  7193 | D:6      | Killed Dowan
  7276 | D:6      | Found an iron altar of Okawaru.
  7973 | D:7      | Reached skill level 15 in Long Blades
  8505 | D:7      | Reached skill level 5 in Fighting
  8571 | D:7      | Reached skill level 5 in Armour
  9019 | D:8      | Found Gibb's Magic Scroll Boutique.
  9027 | D:8      | Bought a scroll of brand weapon for 240 gold pieces
  9027 | D:8      | Bought a scroll of enchant armour for 90 gold pieces
  9027 | D:8      | Bought a scroll of identify for 24 gold pieces
  9027 | D:8      | Bought a scroll of identify for 24 gold pieces
  9134 | D:8      | Noticed Maurice
  9398 | D:8      | Reached XP level 10. HP: 65/83 MP: 9/9
  9813 | D:8      | Found a basalt altar of Yredelemnul.
  9817 | D:8      | Found a bloodstained altar of Trog.
  9820 | D:8      | Found a radiant altar of Vehumet.
  9828 | D:8      | Found a stormy altar of Qazlal.
  9831 | D:8      | Found a blossoming altar of Fedhas.
  9838 | D:8      | Became a worshipper of Qazlal Stormbringer
  9936 | D:8      | Noticed lazykool's ghost (experienced GrWz)
  9966 | D:8      | Killed lazykool's ghost
 11008 | D:9      | Found a burning altar of Makhleb.
 11050 | D:9      | Acquired Qazlal's first power
 11568 | D:9      | Acquired Qazlal's second power
 12578 | D:10     | Entered Level 10 of the Dungeon
 12578 | D:10     | Noticed a hill giant
 12587 | D:10     | Killed a hill giant
 13062 | D:10     | Killed an unseen horror
 13140 | D:10     | Found a staircase to the Orcish Mines.
 13140 | D:10     | Noticed a hill giant
 13157 | D:10     | Killed a hill giant
 13157 | D:10     | Reached skill level 10 in Fighting
 13157 | D:10     | Reached XP level 11. HP: 99/99 MP: 10/10
 13299 | D:10     | Reached skill level 10 in Armour
 13360 | D:10     | Noticed a white ugly thing
 13368 | D:10     | Killed a white ugly thing
 13698 | D:10     | Noticed Joseph
 13713 | D:10     | Killed Joseph
 14101 | D:10     | Acquired Qazlal's third power
 14454 | D:10     | Killed an unseen horror
 14839 | D:11     | Noticed a hill giant
 15083 | D:11     | Noticed Erolcha
 15103 | D:11     | Noticed a hill giant
 15190 | D:11     | Noticed Charly's ghost (experienced DgTm)
 15200 | D:11     | Killed Charly's ghost
 15574 | D:10     | Reached skill level 1 in Invocations
 15715 | D:11     | Killed a hill giant
 16023 | D:11     | Reached skill level 5 in Invocations
 16026 | D:11     | Acquired Qazlal's fourth power
 16026 | D:11     | Reached XP level 12. HP: 41/106 MP: 14/14
 16149 | D:11     | Killed a hill giant
 16324 | D:11     | Killed Erolcha
 16795 | D:11     | Found a staircase to the Lair.
 16908 | Lair:1   | Entered Level 1 of the Lair of Beasts
 17647 | Lair:1   | Acquired Qazlal's fifth power
 18686 | Lair:2   | Reached skill level 10 in Invocations
 18766 | Lair:2   | Noticed Urug
 18776 | Lair:2   | Killed Urug
 19925 | Lair:3   | Noticed a four-headed hydra
 20096 | Lair:3   | HP: 4/159 [16-headed hydra (5)]
 20096 | Lair:3   | Slain by a 16-headed hydra

Vault maps used:
D:1:      ldierk_walled_garden
D:2:      minmay_crystal_water
D:3:      overflow_temple_1_default, nicolae_overflow_hidden_temple,
          bh_chokoban, glass_columns_c
D:4:      overflow_temple_1_default, first_bread
D:5:      kennysheep_six_static_rooms, kennysheep_little_box
D:6:      lemuel_coloured_pillars_altar, temple_statues,
          lightli_sewer_entry_pipes, uniq_duvessa, uniq_grinder
D:8:      minmay_overflow_temple_star_hex, serial_shops, shop_fountains,
          uniq_maurice
D:9:      kennysheep_housing_project, makhleb_heckhound_becter
D:10:     david_orc_1_choice, uniq_joseph
D:11:     dpeg_oklobed_lair, david_nohive_1, kennysheep_nub, uniq_erolcha
Temple:   minmay_temple_bridge_d_8
Lair:2:   grunt_forest_small_clearings, nicolae_quartered_pool_medium,
          lemuel_fruit_fields, uniq_urug
Lair:3:   gammafunk_lair_bear_cave, grunt_forest_stairs_clearing, uniq_snorg
Sewer:    sewer_minmay_treatment

Action                   |  1- 3 |  4- 6 |  7- 9 | 10-12 || total
-------------------------+-------+-------+-------+-------++-------
Melee: Long sword        |    78 |   156 |   214 |       ||   448
       Scimitar          |       |       |   325 |   994 ||  1319
       Great sword       |       |       |       |   127 ||   127
Invok: Upheaval          |       |       |       |     8 ||     8
  Use: Scroll            |       |       |    16 |    17 ||    33
       Potion            |       |       |       |     3 ||     3
 Stab: Distracted        |       |       |       |     1 ||     1
  Eat: Chunk             |     1 |     8 |    15 |    46 ||    70
       Fruit             |     1 |       |     1 |     1 ||     3
       Pizza             |       |       |     1 |       ||     1
